 Dungeon Crawl Stone Soup version 0.20-a0-443-g0464b71 (webtiles) character file.

261 terra53 the Shooter (level 5, -1/41 HPs)
             Began as a Centaur Arcane Marksman on Jan 6, 2017.
             Slain by a worker ant (7 damage)
             ... on level 4 of the Dungeon.
             The game lasted 00:10:26 (4156 turns).

terra53 the Shooter (Centaur Arcane Marksman)       Turns: 4156, Time: 00:10:26

Health: -1/41      AC:  4    Str: 12    XL:     5   Next: 96%
Magic:  5/7        EV: 10    Int: 13    God:
Gold:   108        SH:  0    Dex: 10    Spells: 1/7 levels left

rFire  . . .     SeeInvis .     q - +1 dagger (freeze)
rCold  . . .     Gourm    .     e - +0 robe
rNeg   . . .     Faith    .     (no shield)
rPois  .         Spirit   .     (no helmet)
rElec  .         Reflect  .     (no cloak)
rCorr  .         Harm     .     (no gloves)
MR     .....                    (no barding)
Stlth  +.........               (no amulet)
                                (no ring)
                                (no ring)

@: lethally poisoned (-1 -> -3), very quick
A: hooves 3, deformed body, speed 2, tough skin 3
a: no special abilities


You were on level 4 of the Dungeon.
You were hungry.

You visited 1 branch of the dungeon, and saw 4 of its levels.

You collected 108 gold pieces.

Inventory:

Hand Weapons
 a - a +0 shortbow
 q - a +1 dagger of freezing (weapon)
 v - a +1 dagger of venom
Missiles
 d - 32 arrows
Armour
 e - a +0 robe (worn)
Scrolls
 b - a scroll of blinking {unknown}
 g - 4 scrolls of remove curse {unknown}
 h - a scroll of noise {unknown}
 l - 2 scrolls of fear {unknown}
 m - 2 scrolls of enchant armour {unknown}
 n - 2 scrolls of random uselessness {unknown}
 o - 4 scrolls of amnesia {unknown}
 r - a scroll of immolation {unknown}
 s - a scroll of magic mapping {unknown}
 t - 3 scrolls of identify {unknown}
 u - a scroll of teleportation {unknown}
Potions
 j - a potion of berserk rage {unknown}
 k - 5 potions of curing {unknown}
 p - a potion of lignification {unknown}
Books
 c - a book of Debilitation

   Spells                             Type                      Level
   a - Corona                         Hexes                        1
   b - Slow                           Hexes                        2
   c - Gell's Gravitas                Hexes/Translocation          3
   d - Inner Flame                    Hexes/Fire                   3
   e - Cause Fear                     Hexes                        4
   f - Leda's Liquefaction            Hexes/Earth                  4
Comestibles
 f - 6 bread rations
 i - a fruit


   Skills:
 + Level 2.2 Fighting
 * Level 5.2 Bows
 + Level 2.1 Dodging
 + Level 0.1 Stealth
 + Level 1.7 Spellcasting
 + Level 3.9 Hexes


You had one spell level left.
You knew the following spells:

 Your Spells              Type           Power        Failure   Level  Hunger
a - Corona                Hex            ##.....      8%          1    ##.....
b - Slow                  Hex            ##......     10%         2    ###....
c - Inner Flame           Hex/Fire       #.......     38%         3    ####...


Dungeon Overview and Level Annotations

Branches:
Dungeon (4/15)
 Temple: D:4-7

Altars:
Nemelex Xobeh


Innate Abilities, Weirdness & Mutations

You have hooves in place of feet.
Armour fits poorly on your strangely shaped body.
You cover ground very quickly.
You have extremely tough skin. (AC +3)


Message History

The worker ant is no longer moving slowly.
The worker ant bites you but does no damage.
You closely miss the worker ant.
The worker ant is almost dead.
The worker ant closely misses you.
You hit the worker ant. You freeze the worker ant.
You kick the worker ant, but do no damage.
The worker ant is almost dead.
The worker ant bites you but does no damage.
You hit the worker ant but do no damage.
The worker ant is almost dead.
You feel sick. The worker ant bites you.
* * * LOW HITPOINT WARNING * * *
You barely miss the worker ant.
The worker ant is almost dead.
The worker ant bites you but does no damage.
You barely miss the worker ant.
The worker ant is almost dead.
The worker ant bites you!
You die...

# .# ##.###
...%...
##..#....
######.a#(.###
###.....@((.....
.........#######
.######[## ##.#
#..# ##.##
############..#
#............##
#..........###


You could see a worker ant.

Vanquished Creatures
  A bullfrog zombie (D:3)
  An orc wizard (D:4)
  A worker ant (D:4)
  3 gnolls (D:2)
  6 adders
  An ooze (D:2)
  An adder skeleton (D:4)
  6 worms
  3 orcs
  A ball python (D:2)
  4 giant cockroaches
  5 hobgoblins
  8 jackals
  12 bats
  5 frilled lizards
  5 goblins
  8 kobolds
  A leopard gecko skeleton (D:4)
  3 rats (D:1)
75 creatures vanquished.

Notes
Turn   | Place    | Note
-------+----------+-------------------------------------------
     0 | D:1      | terra53 the Centaur Arcane Marksman began the quest for the Orb.
     0 | D:1      | Reached XP level 1. HP: 16/16 MP: 2/2
   387 | D:1      | Reached skill level 3 in Bows
   404 | D:1      | Reached XP level 2. HP: 23/23 MP: 3/3
   602 | D:1      | Learned a level 2 spell: Slow
  1014 | D:2      | Reached XP level 3. HP: 13/28 MP: 2/4
  1513 | D:2      | Reached skill level 4 in Bows
  1587 | D:2      | Reached XP level 4. HP: 17/35 MP: 2/5
  3111 | D:3      | Reached XP level 5. HP: 33/41 MP: 3/7
  3446 | D:3      | Learned a level 3 spell: Inner Flame
  3524 | D:3      | Found a sparkling altar of Nemelex Xobeh.
  3678 | D:4      | Reached skill level 5 in Bows
  4156 | D:4      | Slain by a worker ant

Vault maps used:
D:1:      minmay_arrival_jagged
D:3:      roderic_batcave, nemelex_xobeh_ov_fountains_minmay
D:4:      first_bread

Skill      XL: |  1  2  3  4  5 |
---------------+----------------+-----
Hexes          | 3 |  3.9
Bows           | 3 4 5 |  5.2
Fighting       | 2 |  2.2
Dodging        | 2 |  2.1
Stealth        | |  0.1
Spellcasting   | |  1.7

Action                   |  1- 3 |  4- 6 || total
-------------------------+-------+-------++-------
Melee: Whip              |    77 |    14 ||    91
       Kick              |     7 |    20 ||    27
       Dagger            |       |   149 ||   149
 Fire: Shortbow          |    16 |    47 ||    63
 Cast: Corona            |    16 |    41 ||    57
       Slow              |     2 |     8 ||    10
  Eat: Chunk             |     2 |     9 ||    11
Armor: Robe              |    25 |    83 ||   108
Dodge: Dodged            |    39 |   100 ||   139
